Unix NetHack Version 5.0.0-0 post-release - last build May 17 2026 04:57:42 (dc50c8380fa5e20985bfe3072449f57b8d9895ef,branch:main).

Game began 2026-05-19 19:56:07, ended 2026-05-19 20:10:33.

BeardyHaddock, neutral male gnomish Archeologist

                        ------ ---------------  ---------
                        -...-  |..|..|.......+  |..|..|.|
                        |...|  |..  .|.......|  |..|..-.|
                        |...----|---|-.......-----|----.|
                        |...`...........................|
                        |...--+---|---..........-----|-.|
                        |...|   |....|{.........|..|..|.|
                        |...|   |....|..........|..|..|.|
                        |...|   |._..|..........--|----.|
                        |...|   |....|....{.............|
                        |...|----------.------...------.|
                        |...|....|    |.-.(((|...|%!( |.|
                        |..)%i...|    |.| (((|...|["%.-.|
                        |...|@@..|    +.|   (|...|!%*.|.|
                        |...-----------.------...------.|
                        |...............................|
                        ---------------------------------

BeardyHaddock the Field Worker  St:11 Dx:8 Co:13 In:17 Wi:16 Ch:11  Neutral
Dlvl:5  $:888 HP:0(31) Pw:15(15) AC:9  Xp:4 T:2215  Burdened

Latest messages:
 The rothe bites again!
 You hit the rothe.
 The rothe hits!
 The rothe bites!
 The rothe bites again!
 What do you want to write with? [- agjrz or ?*] -
 You write in the dust with your fingertip.
 What do you want to write in the dust here? Elbereth
 The rothe turns to flee.
 You hear a door open.
 You hear the splashing of a naiad.
 In what direction? 4
 The door resists!
 In what direction? 4
 The door closes.
 The watchman opens a door.
 You have no ammunition readied.
 What do you want to fire? [$aj or ?*] ?
 You ready: j - 3 uncursed crude daggers.
 In what direction? 4
 The crude dagger hits the rothe.
 In what direction? 4
 The crude dagger hits the centipede.
 In what direction? 4
 The crude dagger hits the centipede.
 You see the centipede hide under a crude dagger.
 A centipede was hidden under an uncursed crude dagger!
 The centipede bites!
 You miss the centipede.
 You hit the centipede.
 The centipede bites!
 The centipede bites!
 You miss the centipede.
 You hit the centipede!
 You miss the centipede.
 The centipede bites!
 You miss the centipede.
 You miss the centipede.
 The centipede bites!
 The centipede's bite was poisoned!
 You hear the howling of the CwnAnnwn...
 You kill the centipede!
 You swap places with the peaceful watchman.
 The imp hits!
 You die...
 Do you want your possessions identified? [ynq] (y) y
 Do you want to see your attributes? [ynq] (y) n
 Do you want an account of creatures vanquished? [ynaq] (y) n
 Do you want to see your conduct and achievements? [ynq] (y) n
 Do you want to see the dungeon overview? [ynq] (y) n

Inventory:
 Coins    ('$')
  $ - 888 gold pieces
 Weapons  (')')
  r - a blessed +0 sling
  a - a blessed +2 bullwhip (alternate weapon; not wielded)
 Armor    ('[')
  c - an uncursed +0 fedora (being worn)
  k - an uncursed +1 orcish helm
  v - an uncursed +0 leather armor
  b - an uncursed +0 leather jacket (being worn)
 Comestibles  ('%')
  d - 7 uncursed food rations
 Spellbooks  ('+')
  u - an uncursed spellbook of identify
 Wands    ('/')
  z - a wand of secret door detection (0:11)
 Tools    ('(')
  h - an empty uncursed sack
  w - a bag of tricks (0:11)
  e - a blessed +1 pick-axe (weapon in left hand)
  f - a tinning kit (0:61)
 Gems/Stones  ('*')
  g - an uncursed touchstone

BeardyHaddock the Archeologist's attributes:

Background:
 You were a Field Worker, a level 4 male gnomish Archeologist.
 You were neutral, on a mission for Camaxtli
 who was opposed by Quetzalcoatl (lawful) and Huhetotl (chaotic).
 You were left-handed.
 You were in the Gnomish Mines, on level 5.
 You entered the dungeon 2215 turns ago.
 There was a new moon in effect when your adventure ended.
 You had 132 experience points, 28 more were needed to attain level 5.

Basics:
 You had 0 out of 31 hit points.
 You had all 15 energy points (spell power).
 Your armor class was 9.
 Your wallet contained 888 zorkmids.
 Autopickup was off.

Final Characteristics:
 Your strength was 11 (limit:18/50).
 Your dexterity was 8 (limit:18).
 Your constitution was 13 (limit:18).
 Your intelligence was 17 (limit:19).
 Your wisdom was 16 (limit:18).
 Your charisma was 11 (limit:18).

Final Status:
 You weren't hungry.
 You were burdened; movement was slightly slowed.
 You were wielding a pick-axe.
 You had basic skill with pick-axe.

Final Attributes:
 You were devoutly aligned.
 You had automatic searching.
 You had infravision.
 You were lucky.
 You are dead.

Miscellaneous:
 You didn't encounter any bones levels.
 Total elapsed playing time was 14 minutes and 26 seconds.

Major events:
 Turn
    1: BeardyHaddock the neutral male gnomish Archeologist entered the dungeon
 1067: entered the Gnomish Mines
 1360: attained the rank of Field Worker (level 3)
 1840: reached Mine Town
 2215: killed by an imp

Spells:
 Name                 Level Category     Fail Retention
 identify               3   divination    98%  76%-100%

Skills:
 Fighting Skills
   bare handed combat [Unskilled]
   two weapon combat  [Unskilled]
   riding             [Unskilled]
 Weapon Skills
   dagger             [Unskilled]
   knife              [Unskilled]
   pick-axe           [Basic]
   short sword        [Unskilled]
   saber              [Unskilled]
   club               [Unskilled]
   quarterstaff       [Unskilled]
   sling              [Unskilled]
   dart               [Unskilled]
   boomerang          [Unskilled]
   whip               [Basic]
   unicorn horn       [Unskilled]
 Spellcasting Skills
   attack spells      [Unskilled]
   healing spells     [Unskilled]
   divination spells  [Unskilled]
   matter spells      [Unskilled]

Voluntary challenges:
 Character rerolling was not enabled.
 You never genocided any monsters.
 You never polymorphed an object.
 You never changed form.
 You used no wishes.
Achievements:
 You entered the Gnomish Mines.
 You attained the rank of Field Worker.
 You entered Minetown.
 You entered a temple.

 The Dungeons of Doom: levels 1 to 2
    Level 1:
       An altar, a fountain.
    Level 2:
       A fountain, a sink.
       Stairs down to The Gnomish Mines.
 The Gnomish Mines: levels 3 to 5
    Level 3:
    Level 4:
    Level 5: <- You were here.
       A temple and an altar, some fountains.
       Final resting place for
          you, killed by an imp.


Vanquished creatures:
  a leprechaun
  a gnome leader
  2 homunculi
  a centipede
  a giant bat
  3 acid blobs
  a coyote
  2 hobbits
  a large kobold
  a yellow mold
  a garter snake
  5 geckos
  2 jackals
  2 foxes
  2 kobolds
  5 goblins
  4 sewer rats
  5 grid bugs
  3 bats
  2 lichens
  9 newts
54 creatures vanquished.

No species were genocided or became extinct.

Game over:
                       ----------
                      /          \
                     /    REST    \
                    /      IN      \
                   /     PEACE      \
                  /                  \
                  |  BeardyHaddock   |
                  |      888 Au      |
                  | killed by an imp |
                  |                  |
                  |                  |
                  |                  |
                  |       2026       |
                 *|     *  *  *      | *
        _________)/\\_//(\/(/\)/\//\/|_)_______

Goodbye BeardyHaddock the Archeologist...

You died in The Gnomish Mines on dungeon level 5 with 1558 points,
and 888 pieces of gold, after 2215 moves.
You were level 4 with a maximum of 31 hit points when you died.

